Map: 2000 Atmospheres LE

Players

PiLiPiLi

  • Race: Protoss Protoss

DisK - Winner!

  • Race: Protoss Protoss

Event: DreamHack SC2 Masters 2021 Fall

VOD

Have the link to the VOD?

Description

Time

  • Played on: Aug. 3, 2021, 6:11 p.m.
  • Length: 8:34

All games in this series

Show
View Real Time Build Order
Export as new Build Order

PiLiPiLi Protoss 

Build Orders:  

Get SALT Encoding   

  12  0:02  Probe  
  13  0:14  Probe  
  14  0:17  Pylon  
  14  0:26  Probe (Chrono Boost)  
  15  0:35  Gateway  
  15  0:38  Probe (Chrono Boost)  
  16  0:47  Assimilator, Probe (Chrono Boost)  
  17  0:52  Probe  
  18  0:57  Assimilator  
  18  1:04  Probe (Chrono Boost)  
  18  1:08  Gateway  
  19  1:16  Probe (Chrono Boost)  
  20  1:21  Probe (Chrono Boost)  
  21  1:26  Cybernetics Core  
  21  1:31  Probe  
  22  1:38  Pylon  
  22  1:43  Probe  
  22  1:55  Probe  
  23  2:02  Adept x2, Warp Gate (Chrono Boost)  
  23  2:08  Pylon  
  27  2:11  Probe  
  28  2:19  Pylon  
  28  2:23  Probe  
  29  2:32  Adept x2  
  33  2:39  Robotics Facility  
  33  3:00  Probe  
  33  3:02  Adept x2  
  36  3:13  Pylon  
  36  3:21  Nexus  
  36  3:33  Immortal (Chrono Boost)  
  40  3:47  Sentry x2  
  42  3:51  Probe  
  42  3:54  Pylon  
  41  4:06  Immortal  
  43  4:21  Stalker x2  
  43  4:31  Shield Battery  
  43  4:46  Stalker x2  
  41  4:57  Immortal  
  45  5:10  Stalker x2  
  46  5:28  Stalker  
  48  5:36  Warp Prism  
  48  5:40  Sentry  
  49  5:46  Gateway  
  49  5:52  Pylon  
  49  5:56  Pylon  
  49  6:25  Stalker x2  
  47  6:34  Immortal (Chrono Boost)  
  45  6:48  Stalker  
  45  6:49  Stalker  
  53  7:09  Pylon  
  53  7:15  Robotics Bay  
  49  7:22  Observer  
  50  7:32  Nexus  
  48  7:39  Pylon  
  36  8:02  Disruptor (Chrono Boost)  
  36  8:07  Sentry  
  41  8:12  Zealot  
  41  8:19  Shield Battery  
  43  8:22  Shield Battery  
Show
View Real Time Build Order
Export as new Build Order

DisK Protoss - Winner!

Build Orders:  

Get SALT Encoding   

  12  0:00  Probe  
  13  0:12  Probe  
  14  0:18  Pylon  
  14  0:24  Probe  
  15  0:36  Gateway  
  15  0:37  Probe (Chrono Boost)  
  16  0:46  Probe (Chrono Boost)  
  16  0:47  Assimilator  
  17  0:51  Probe (Chrono Boost)  
  17  0:55  Assimilator  
  18  1:03  Probe (Chrono Boost)  
  19  1:08  Gateway  
  19  1:13  Probe (Chrono Boost)  
  19  1:18  Probe (Chrono Boost)  
  20  1:25  Cybernetics Core  
  21  1:30  Probe  
  22  1:37  Pylon  
  22  1:42  Probe  
  23  2:01  Stalker  
  23  2:02  Stalker, Warp Gate  
  23  2:04  Probe  
  28  2:10  Pylon  
  28  2:31  Stalker x2  
  32  2:38  Robotics Facility  
  31  2:47  Gateway  
  31  3:02  Stalker x2  
  35  3:08  Shield Battery  
  35  3:18  Pylon  
  35  3:29  Warp Prism (Chrono Boost)  
  35  3:50  Stalker x2  
  39  3:56  Stalker  
  39  3:58  Observer  
  42  4:03  Pylon  
  40  4:27  Stalker x2  
  40  4:29  Stalker  
  44  4:58  Stalker x3  
  46  5:21  Stalker x2  
  46  5:22  Stalker  
  52  5:45  Robotics Bay  
  52  5:51  Sentry  
  52  5:53  Pylon  
  50  6:34  Disruptor (Chrono Boost)  
  49  6:42  Observer  
  49  6:47  Zealot x3  
  53  6:58  Probe  
  54  7:06  Disruptor (Chrono Boost)  
  54  7:07  Observer  
  57  7:08  Stalker x2  
  57  7:11  Pylon x2  
  57  7:12  Stalker  
  63  7:20  Shield Battery  
  59  7:47  Stalker x3  
  56  8:11  Stalker  
  56  8:12  Zealot x2  

Tags
 
Add a new tag
Caveats
  • Supply blocks, unpowered buildings, or Contaminate may cause inaccurate times.
  • Supply counts are checked every 10 seconds.